 Dungeon Crawl Stone Soup version 0.21.1-1-g345015fe64 (webtiles) character file.

328 Hercules1031 the Cudgeler (level 6, -1/55 HPs)
             Began as an Ogre Fighter on June 14, 2018.
             Was a Follower of Nemelex Xobeh.
             Succumbed to an orc wizard's poison
             ... on level 4 of the Dungeon.
             The game lasted 00:16:37 (2952 turns).

Hercules1031 the Cudgeler (Ogre Fighter)            Turns: 2952, Time: 00:16:38

Health: -1/55      AC:  4    Str: 23    XL:     6   Next: 50%
Magic:  6/6        EV: 15    Int:  9    God:    Nemelex Xobeh [*.....]
Gold:   173        SH:  9    Dex: 16    Spells: 5/5 levels left

rFire    . . .     SeeInvis .   a - +2 flail
rCold    . . .     Gourm    .   c - +0 shield
rNeg     + . .     Faith    .   i - +1 robe {rN+}
rPois    .         Spirit   .   (helmet restricted)
rElec    .         Reflect  .   (no cloak)
rCorr    .         Harm     .   (gloves unavailable)
MR       .....                  (boots unavailable)
Stlth    ++........             (no amulet)
HPRegen  0.18/turn              j - +3 ring of slaying
MPRegen  0.10/turn              o - +3 ring of dexterity

@: agile, lethally poisoned (-1 -> -22)
A: large, unfitting armour, frail 1, mutation resistance 1, tough skin 1
a: Renounce Religion


You were on level 4 of the Dungeon.
You worshipped Nemelex Xobeh.
Nemelex Xobeh was aware of your devotion.
You were very full.

You visited 1 branch of the dungeon, and saw 4 of its levels.

You collected 173 gold pieces.

Inventory:

Hand Weapons
 a - a +2 flail (weapon)
Armour
 b - a +0 robe
 c - a +0 shield (worn)
 i - a +1 robe of positive energy (worn)
Jewellery
 j - a +3 ring of slaying (left hand)
 o - a +3 ring of dexterity (right hand)
Wands
 k - a wand of polymorph (17)
 p - a wand of paralysis (8)
Scrolls
 e - 2 scrolls of remove curse
 g - 4 scrolls of identify
 l - a scroll of amnesia
Potions
 d - 2 potions of might
Miscellaneous
 f - a plain deck of destruction
 h - a plain deck of destruction {drawn: 5}
Comestibles
 m - a ration


   Skills:
 - Level 4.0 Fighting
 - Level 5.0 Maces & Flails
 + Level 3.6 Dodging
 + Level 3.6 Shields


You had 5 spell levels left.
You didn't know any spells.

Dungeon Overview and Level Annotations

Branches:
Dungeon (4/15)
 Temple: D:4-7

Altars:
Ashenzari
Nemelex Xobeh


Innate Abilities, Weirdness & Mutations

You are too large for most types of armour.
You have tough skin. (AC +1)
You are frail. (-10% HP)
You are somewhat resistant to further mutation.


Message History

You feel sick. The orc wizard barely misses you.
The orc hits you with a hand axe.
* * * LOW HITPOINT WARNING * * *
You draw a card...
It is Vitriol.
You have drawn Vitriol.
Press: ? - help, Shift-Dir - straight line, f/p - orc wizard
Aim: an orc wizard, wielding a dagger and wearing a robe (almost dead, fast, covered in acid)
The glob of acid hits the orc wizard.
The orc wizard is splashed with acid.
The acid corrodes the orc wizard!
You kill the orc wizard!
* * * LOW HITPOINT WARNING * * *
You feel sick. The orc barely misses you.
Unknown command.
You draw a card...
It is Pain.
You have drawn Pain.
Press: ? - help, Shift-Dir - straight line, f - orc
Aim: an orc, wielding a hand axe and wearing a ring mail The orc convulses!
You die...
Your body disappears without a glow.

........................
#......#..........#.....
#......#.......#.## ...
#......####....#.# .
#....### ####.#.# ######
#.#.# #.#.# #.#)# #@#
#o# #o# ..# #.# #.# ...
###


You could see 2 orcs.

Vanquished Creatures
  An orc priest (D:3)
  A bullfrog skeleton (D:4)
  3 orc wizards (D:4)
  A worker ant (D:4)
  5 adders
  3 worms
  A dart slug (D:2)
  2 leopard geckos
  11 orcs
  5 giant cockroaches
  5 goblins
  5 hobgoblins
  5 jackals (D:2)
  3 quokkas
  2 ball pythons
  5 bats
  A frilled lizard (D:3)
  3 kobolds
  7 rats
69 creatures vanquished.

Vanquished Creatures (collateral kills)
  2 worker ants (D:4)
  An adder (D:3)
  A leopard gecko (D:3)
  An orc (D:3)
  A kobold (D:3)
6 creatures vanquished.

Grand Total: 75 creatures vanquished

Notes
Turn   | Place    | Note
-------+----------+-------------------------------------------
     0 | D:1      | Hercules1031 the Ogre Fighter began the quest for the Orb.
     0 | D:1      | Reached XP level 1. HP: 24/24 MP: 1/1
    92 | D:1      | Reached skill level 2 in Maces & Flails
   532 | D:1      | Gained mutation: You are frail. (-10% HP) [potion of mutation]
   532 | D:1      | Gained mutation: You are somewhat resistant to further mutation. [potion of mutation]
   595 | D:1      | Reached XP level 2. HP: 28/28 MP: 2/2
   907 | D:2      | Reached skill level 3 in Maces & Flails
  1099 | D:2      | Reached XP level 3. HP: 35/35 MP: 3/3
  1655 | D:3      | Reached XP level 4. HP: 43/43 MP: 4/4
  1686 | D:3      | Reached skill level 4 in Maces & Flails
  1939 | D:3      | Reached XP level 5. HP: 46/48 MP: 5/5
  1958 | D:3      | Found a sparkling altar of Nemelex Xobeh.
  1969 | D:3      | Became a worshipper of Nemelex Xobeh the Trickster
  1989 | D:3      | Received a gift from Nemelex Xobeh
  2489 | D:3      | Reached skill level 5 in Maces & Flails
  2524 | D:3      | Received a gift from Nemelex Xobeh
  2625 | D:4      | Reached * piety under Nemelex Xobeh
  2706 | D:4      | Reached XP level 6. HP: 18/55 MP: 6/6
  2923 | D:4      | Found a shattered altar of Ashenzari.
  2951 | D:4      | HP: 1/55 [poisoned by an orc wizard]
  2952 | D:4      | Succumbed to an orc wizard's poison

Skill      XL: |  1  2  3  4  5 |
---------------+----------------+-----
Maces & Flails | 2 3 4 5 |  5.0
Dodging        | 3 |  3.6
Shields        | 3 |  3.6
Fighting       | |  4.0

Action                   |  1- 3 |  4- 6 || total
-------------------------+-------+-------++-------
Melee: Flail             |    98 |   109 ||   207
Evoke: Deck              |       |     5 ||     5
  Use: Potion            |     3 |     1 ||     4
       Scroll            |     9 |     2 ||    11
  Eat: Ration            |     3 |     1 ||     4
Armor: Robe              |    43 |    25 ||    68
Dodge: Dodged            |    67 |    33 ||   100
Block: Shield            |    80 |    41 ||   121
